 Dungeon Crawl Stone Soup version 0.28.0-49-g6dfe1f597d (webtiles) character file.

Game seed: 13604706870407665840

38 acdeimund the Covered (level 3, 22/34 HPs)
             Began as a Deep Dwarf Fighter on May 13, 2022.
             Was a Follower of Sif Muna.
             Quit the game on level 1 of the Dungeon.
             The game lasted 00:04:34 (816 turns).

acdeimund the Covered (Deep Dwarf Fighter)           Turns: 816, Time: 00:04:34

Health: 22/34      AC:  7    Str: 21    XL:     3   Next: 25%
Magic:  3/3        EV:  9    Int:  8    God:    Sif Muna [*.....]
Gold:   67         SH:  4    Dex: 12    Spells: 2/2 levels left

rFire   . . .      SeeInvis .   a - +1 war axe (spect)
rCold   . . .      Faith    .   c - +0 buckler
rNeg    . . .      Spirit   .   b - +0 scale mail
rPois   .          Reflect  .   (no helmet)
rElec   .          Harm     .   (no cloak)
rCorr   .          Rampage  .   (no gloves)
Will    .....                   (no boots)
Stlth   ..........              (no amulet)
HPRegen 0.00/turn               (no ring)
MPRegen 0.08/turn               (no ring)

@: no status effects
A: damage resistance, heal wounds, sense surroundings 1, no regeneration
a: Heal Wounds, Renounce Religion, Channel Magic


You were on level 1 of the Dungeon.
You worshipped Sif Muna.
Sif Muna was aware of your devotion.
You visited 1 branch of the dungeon, and saw 2 of its levels.

You collected 67 gold pieces.

Inventory:

Hand Weapons
 a - a +1 spectral war axe (weapon)
Missiles
 f - 45 stones
Armour
 b - a +0 scale mail (worn)
 c - a +0 buckler (worn)
Jewellery
 e - a ring of positive energy
Scrolls
 j - a scroll of holy word {unknown}
 k - a scroll of identify {unknown}
Potions
 d - a potion of might
 h - 2 potions of degeneration {unknown}


   Skills:
 + Level 3.1 Fighting
 + Level 2.7 Axes
 + Level 3.7 Armour
 + Level 3.7 Shields


You had 2 spell levels left.
You didn't know any spells.
Your spell library contained the following spells:

 Spells                   Type           Power      Damage    Failure   Level
 Sandblast                Erth           0%         2d4       83%         1
 Passwall                 Tmut/Erth      0%         N/A       93%         2
 Stone Arrow              Conj/Erth      0%         3d7       99%         3


Dungeon Overview and Level Annotations

Branches:
Dungeon (2/15)

Altars:
Sif Muna


Innate Abilities, Weirdness & Mutations

You are resistant to damage.
You can heal yourself by infusing magical energy.
You passively map a small area around you.
You do not regenerate.


Message History

k - a scroll labelled NUIRIM DYSHROSK You open the door.
There is an open door here.
Done exploring.
Done exploring.
There is an open door here.
There is an open door here.
There is an escape hatch in the floor here.
There is a stone staircase leading down here.
You climb downwards.
Found a scroll labelled COLEPLIUKEDO.
There is a stone staircase leading up here.
You slash the bat!
You kill the bat!
You block the ball python's attack. The ball python barely misses you.
You slash the ball python!
You kill the ball python!
As you read the scroll labelled QECVIONOZ, it crumbles to dust.
It is a scroll of brand weapon.
Your +0 war axe acquires a faint afterimage.
a - a +0 spectral war axe (weapon)
As you read the scroll labelled ZUNLUCHIEKU, it crumbles to dust.
It is a scroll of enchant weapon.
Your +0 spectral war axe glows red for a moment.
You climb upwards.
There is a stone staircase leading down here.
There is an open door here.
There is a faded altar of an unknown god here.
You cannot tell which god this altar belongs to.
Convert to them anyway?
Okay, then.
Unknown command.
Press < or > to pray at altars.
You cannot tell which god this altar belongs to.
Convert to them anyway?
Okay, then.
You cannot tell which god this altar belongs to.
Convert to them anyway?
Sif Muna accepts your prayer! Sif Muna welcomes you!
You can now call upon Sif Muna for magical energy.
Done exploring.
Are you sure you want to abandon this character and quit the game? (Confirm with "yes".)

......#)# ......#.#
........# #######
######..#####.....#
.......†......#...#
...........####...#
...........# #...#
...........# ##...##
.......>...###..@..##
...........##...∩...##
..........##...###...##
#......##.#...## ##...##
#......##....#######...#
#......##..............#
#......#################
#......# #......#


There were no monsters in sight!

Vanquished Creatures
  A dart slug (D:1)
  4 ball pythons
  4 endoplasms (D:1)
  2 giant cockroaches (D:1)
  5 goblins (D:1)
  3 hobgoblins (D:1)
  3 quokkas (D:1)
  6 bats
  A frilled lizard (D:1)
  2 kobolds (D:1)
31 creatures vanquished.

Notes
Turn   | Place    | Note
-------+----------+-------------------------------------------
     0 | D:1      | acdeimund the Deep Dwarf Fighter began the quest for the
                  | Orb.
     0 | D:1      | Reached XP level 1. HP: 20/20 MP: 1/1
   124 | D:1      | Reached XP level 2. HP: 20/27 MP: 2/2
   425 | D:1      | Reached XP level 3. HP: 24/34 MP: 3/3
   518 | D:1      | Found a faded altar of an unknown god.
   815 | D:1      | Prayed at the altar of an unknown god.
   815 | D:1      | Became a worshipper of Sif Muna the Loreminder
   815 | D:1      | Reached * piety under Sif Muna
   816 | D:1      | Quit the game

Illustrated notes

Levels and vault maps discovered:
D:1:      ebering_trefoil_3fold, layout_basic,
          hellmonk_ecumenical_altar_crossroads
D:2:      layout_basic, kennysheep_nub

Skill      XL: |  1  2 |
---------------+-------+-----
Fighting       | 3 |  3.1
Axes           | |  2.7
Armour         | |  3.7
Shields        | |  3.7

Action                   || total
-------------------------++-------
Melee: War axe           ||    69
  Use: Scroll            ||     2
Armor: Scale mail        ||    30
Dodge: Dodged            ||    32
Block: Buckler           ||    14
